 Dungeon Crawl Stone Soup version 0.18.1-50-g88ac8fd (webtiles) character file.

132 juanjsm the Sneak (level 4, -2/22 HPs)
             Began as a Spriggan Enchanter on Feb 2, 2017.
             Killed from afar by an orc wizard (5 damage)
             ... with a magic dart
             ... on level 3 of the Dungeon.
             The game lasted 00:13:10 (2852 turns).

juanjsm the Sneak (Spriggan Enchanter)              Turns: 2852, Time: 00:13:11

Health: -2/22      AC:  2    Str:  4    XL:     4   Next: 92%
Magic:  1/10       EV: 19    Int: 16    God:
Gold:   117        SH:  0    Dex: 17    Spells: 3 memorised, 4 levels left

rFire  . . .     SeeInvis +     a - +1 dagger
rCold  . . .     Gourm    .     l - +0 robe (curse)
rNeg   . . .     Faith    .     (shield restricted)
rPois  .         Spirit   .     (helmet restricted)
rElec  .         Dismiss  .     (no cloak)
rCorr  .         Reflect  .     (gloves unavailable)
SustAt .         Harm     .     (boots unavailable)
MR     .....                    g - amulet of inaccuracy (curse)
Stlth  ++++......               (no ring)
                                (no ring)

@: very quick, not resistant to hostile enchantments, stealthy
A: unfitting armour, see invisible, herbivore 3, speed 3, slow metabolism 2
a: no special abilities


You were on level 3 of the Dungeon.
You were not hungry.

You visited 1 branch of the dungeon, and saw 3 of its levels.

You collected 117 gold pieces.

Inventory:

Hand Weapons
 a - a +1 dagger (weapon)
Armour
 b - a +1 robe
 l - a cursed +0 robe (worn)
Jewellery
 g - a cursed amulet of inaccuracy (around neck)
 j - an uncursed amulet of guardian spirit {unknown}
Scrolls
 e - a scroll of identify {unknown}
 f - a scroll of remove curse {unknown}
 i - 2 scrolls of fog {unknown}
 m - a scroll of fear {unknown}
Potions
 h - a potion of resistance {unknown}
 k - 2 potions of heal wounds {unknown}
 n - 4 potions of cancellation {unknown}
 p - 2 potions of mutation {unknown}
Books
 c - a book of Maledictions

   Spells                             Type                      Level
   a - Corona                         Hexes                        1
   b - Ensorcelled Hibernation        Hexes/Ice                    2
   c - Confuse                        Hexes                        3
   d - Tukima's Dance                 Hexes                        3
   e - Dazzling Spray                 Conjuration/Hexes            3
 o - a book of Changes

   Spells                             Type                      Level
   a - Beastly Appendage              Transmutation                1
   b - Sticks to Snakes               Transmutation                2
   c - Spider Form                    Transmutation/Poison         3
   d - Ice Form                       Ice/Transmutation            4
   e - Blade Hands                    Transmutation                5
Comestibles
 d - 3 bread rations


   Skills:
 + Level 1.2 Fighting
 + Level 2.5 Short Blades
 + Level 3.6 Dodging
 + Level 5.5 Stealth
 + Level 3.8 Spellcasting
 + Level 4.1 Hexes


You had 4 spell levels left.
You knew the following spells:

 Your Spells              Type           Power        Failure   Level  Hunger
a - Corona                Hex            ###....      3%          1    None
b - Ensorcelled Hibernat  Hex/Ice        #.....       12%         2    ##.....
c - Confuse               Hex            ###.....     12%         3    ###....


Dungeon Overview and Level Annotations

Branches:
Dungeon (3/15)

Altars:
Fedhas
Okawaru
Ru
Xom
Yredelemnul
The Shining One


Innate Abilities, Weirdness & Mutations

You are tiny and cannot use many weapons and most armour.
You have supernaturally acute eyesight.
You are a herbivore.
You cover ground extremely quickly.
You need consume almost no food.


Message History

Aim: an orc wizard, wielding a dagger and wearing a robe (fast, chance to defeat MR: 40%)
The orc wizard resists with some effort.
The orc wizard gestures at you while chanting.
The magic dart hits you!
* * * LOW HITPOINT WARNING * * *
The orc wizard completely misses you.
Casting: Ensorcelled Hibernation
Confirm with . or Enter, or press ? or * to list all spells.
Aiming: Ensorcelled Hibernation
Press: ? - help, Shift-Dir - straight line, f/p - orc wizard
Aim: an orc wizard, wielding a dagger and wearing a robe (fast, chance to defeat MR: 40%)
The orc wizard resists with some effort.
The orc wizard closely misses you.
Casting: Ensorcelled Hibernation
Confirm with . or Enter, or press ? or * to list all spells.
You don't have enough magic to cast that spell.
Unknown command.
The orc wizard gestures at you while chanting.
The magic dart hits you!
You die...

#..# #.... #..#.#.###.#.#
#..# #......# #.#.# #..###
#..#.#.# #.#>#
#o...##8...8##..#.#.# #.#.#
#.#####.....##.##.#.###.#.#
#.# #8.....8#.##.#.......#
#.# #.....##.#.)........#
#.#####8..?8##......#######
#....# ##>## #@#..###
###.##########.#..######
#........(..o.#...[...#
##.#############.####.#
#####.# #.# #.#
....#.######################
###.#.##...................#
#.#.##..#...#...#...#...###
#.#.##_...................#


You could see an orc wizard.

Vanquished Creatures
  3 adders (D:2)
  3 gnolls (D:3)
  A worm (D:2)
  3 dart slugs
  2 giant geckos (D:2)
  An orc (D:3)
  6 giant cockroaches
  11 goblins
  5 hobgoblins
  3 jackals (D:1)
  4 quokkas
  3 bats
  5 giant newts
  8 kobolds
  7 rats
65 creatures vanquished.

Notes
Turn   | Place    | Note
--------------------------------------------------------------
     0 | D:1      | juanjsm the Spriggan Enchanter began the quest for the Orb.
     0 | D:1      | Reached XP level 1. HP: 9/9 MP: 5/5
   137 | D:1      | Reached XP level 2. HP: 5/13 MP: 5/7
   141 | D:1      | Learned a level 2 spell: Ensorcelled Hibernation
   567 | D:1      | Reached skill level 5 in Stealth
   821 | D:1      | Reached XP level 3. HP: 15/17 MP: 3/8
  1400 | D:2      | Reached XP level 4. HP: 21/21 MP: 4/10
  1728 | D:2      | Found a sacrificial altar of Ru.
  1731 | D:2      | Found a blossoming altar of Fedhas.
  1828 | D:2      | Reached skill level 1 in Fighting
  2134 | D:3      | Found a faded altar to an unknown god.
  2278 | D:3      | Found a glowing golden altar of the Shining One.
  2527 | D:3      | Found an iron altar of Okawaru.
  2586 | D:3      | Found a shimmering altar of Xom.
  2622 | D:3      | Found a basalt altar of Yredelemnul.
  2810 | D:3      | Learned a level 3 spell: Confuse
  2852 | D:3      | Killed from afar by an orc wizard

Skill      XL: |  1  2  3  4 |
---------------+-------------+-----
Spellcasting   | 3 |  3.8
Stealth        | 5 |  5.5
Short Blades   | 2 |  2.5
Fighting       | 1 |  1.2
Hexes          | 4 |  4.1
Dodging        | |  3.6

Action                   |  1- 3 |  4- 6 || total
-------------------------+-------+-------++-------
Melee: Dagger            |   102 |    39 ||   141
 Cast: Corona            |     6 |       ||     6
       Ensorcelled Hiber |    25 |    27 ||    52
       Confuse           |       |     2 ||     2
 Stab: Sleeping          |    29 |    22 ||    51
  Eat: Fruit             |       |     3 ||     3
Armor: Robe              |    13 |     5 ||    18
Dodge: Dodged            |    70 |    37 ||   107
